 Dungeon Crawl Stone Soup version 0.28-a0-1159-g27aa881441 (webtiles) character file.

Game seed: 5777199793191584831

14 bande the Skirmisher (level 2, -1/19 HPs)
             Began as a Gargoyle Fighter on Dec 15, 2021.
             Slain by an orc wizard (3 damage)
             ... on level 1 of the Dungeon.
             The game lasted 00:01:04 (1056 turns).

bande the Skirmisher (Gargoyle Fighter)             Turns: 1056, Time: 00:01:05

Health: -1/19      AC:  9    Str: 19    XL:     2   Next: 41%
Magic:  2/2        EV:  9    Int:  8    God:
Gold:   56         SH:  4    Dex:  9    Spells: 1/1 levels left

rFire   . . .      SeeInvis .   a - +0 war axe
rCold   . . .      Faith    .   c - +0 buckler
rNeg    + . .      Spirit   .   b - +0 scale mail
rPois   ∞          Reflect  .   (no helmet)
rElec   +          Harm     .   (no cloak)
rCorr   .          Rampage  .   (no gloves)
Will    .....                   (no boots)
Stlth   ..........              (no amulet)
HPRegen 0.06/turn               (no ring)
MPRegen 0.08/turn               (no ring)

@: no status effects
A: sickness immunity, AC +2, negative energy resistance 1, electricity
resistance, torment resistance 1, petrification resistance, deterioration 1
a: no special abilities


You were on level 1 of the Dungeon.
You visited 1 branch of the dungeon, and saw 2 of its levels.

You collected 56 gold pieces.

Inventory:

Hand Weapons
 a - a +0 war axe (weapon)
Armour
 b - a +0 scale mail (worn)
 c - a +0 buckler (worn)
Scrolls
 e - a scroll of enchant weapon {unknown}
 g - a scroll of identify {unknown}
 h - a scroll of enchant armour {unknown}
 i - a scroll of magic mapping {unknown}
Potions
 d - a potion of might


   Skills:
 + Level 3.5 Fighting
 + Level 2.2 Axes
 + Level 3.3 Armour
 + Level 3.4 Shields


You had one spell level left.
You didn't know any spells.
Your spell library contained the following spells:

 Spells                   Type           Power      Damage    Failure   Level
 Magic Dart               Conj           0%         1d3       80%         1
 Call Imp                 Summ           0%         N/A       91%         2
 Mephitic Cloud           Conj/Pois/Air  0%         N/A       99%         3


Dungeon Overview and Level Annotations

Branches:
Dungeon (2/15)

Altars:


Innate Abilities, Weirdness & Mutations

You are immune to sickness and miasma.
Your stone body is resilient. (AC +2)
You are immune to poison.
You resist negative energy. (rN+)
You are resistant to electric shocks. (rElec)
You are resistant to unholy torment.
You are immune to petrification.
Your body sometimes deteriorates upon taking damage.


Message History

You hear some strange, mumbled words.
A magic dart appears from out of thin air!
The magic dart hits you!
* * * LOW HITPOINT WARNING * * *
You bump into the rock wall.
Something hits you but does no damage.
You barely miss something. Something hits you.
* * * LOW HITPOINT WARNING * * *
Something hits you.
* * * LOW HITPOINT WARNING * * *
You hear some strange, mumbled words.
You are more confused.
Something hits you but does no damage.
You bump into the rock wall.
An orc wizard appears from thin air!
Reactivating autopickup.
The orc wizard closely misses you.
You closely miss the orc wizard. The orc wizard completely misses you.
You bump into the rock wall.
The orc wizard casts a spell at you.
You are more confused.
You bump into the rock wall.
The orc wizard closely misses you.
You barely miss the orc wizard.
The orc wizard hits you with a +2 dagger of venom.
* * * LOW HITPOINT WARNING * * *
The orc wizard closely misses you.
You miss the orc wizard. The orc wizard barely misses you.
You barely miss the orc wizard.
The orc wizard hits you but does no damage.
You miss the orc wizard.
The orc wizard hits you but does no damage. x2
The orc wizard casts a spell at you. You resist with significant effort.
The orc wizard hits you but does no damage.
The orc wizard gestures at you while chanting.
You resist with significant effort.
It was a potion of mutation.
You feel extremely strange.
You feel weaker.
You feel yourself wasting away.
You feel stronger.
You closely miss the orc wizard.
You feel less confused.
The orc wizard hits you with a +2 dagger of venom.
You die...

####...#.##
##.......##.#.......
.##..#...#
##.....###.#.###.##
'##.###..# ##...##
#.#.# #.# .##..#..##
##'## #.#.###.#
+###...## #.#
#.......# .# ##.##
##.#######.##### '##
#.# #..........#
..#######
##...########
<.'.'.'.# #@o...#
..#####.#########...##
'##.#.#.##.........##
.##.#..........#>..#
'##.###.##.##....).#
.##.....##.###.#.#.#
'#########.......#.#
.#################.#
..........# #.#


You could see an orc wizard.

Vanquished Creatures
  3 orcs
  2 endoplasms (D:1)
  2 giant cockroaches (D:1)
  A hobgoblin (D:2)
  A rat (D:1)
9 creatures vanquished.

Notes
Turn   | Place    | Note
-------+----------+-------------------------------------------
     0 | D:1      | bande the Gargoyle Fighter began the quest for the Orb.
     0 | D:1      | Reached XP level 1. HP: 14/14 MP: 1/1
   966 | D:2      | Noticed an orc wizard
   974 | D:1      | Reached XP level 2. HP: 16/19 MP: 2/2
  1055 | D:1      | Gained mutation: You are weak. (Str -2) [potion of
                  | mutation]
  1055 | D:1      | Gained mutation: Your body sometimes deteriorates upon
                  | taking damage. [potion of mutation]
  1055 | D:1      | Lost mutation: You are weak. (Str -2) [potion of mutation]
  1056 | D:1      | Slain by an orc wizard

Illustrated notes

Levels and vault maps discovered:
D:1:      minmay_arrival_doors, layout_loops_corners
D:2:      layout_rooms, st_stairs_10, grunt_ministairs_11, minmay_door_square,
          minmay_mini_jars

Skill      XL: |  1 |
---------------+----+-----
Axes           | 2 |  2.2
Fighting       | |  3.5
Armour         | |  3.3
Shields        | |  3.4

Action                   || total
-------------------------++-------
Melee: War axe           ||    36
  Use: Potion            ||     1
Armor: Scale mail        ||    24
Dodge: Dodged            ||    18
Block: Buckler           ||     8

Table legend: (Time is in decaauts)
 A = Elapsed time spent in this place.
 B = Non-inter-level travel time spent in this place.
 C = Inter-level travel time spent in this place.
 D = Time resting spent in this place.
 E = Time spent auto-exploring this place.
 F = Levels seen in this place.
 G = Mean time per level.
                   A        B        C        D        E       F      G
               +--------+--------+--------+--------+--------+-----+--------+
         Total |   1071 |   1049 |     22 |     38 |    823 |   2 |  535.5 |
       Dungeon |   1071 |   1049 |     22 |     38 |    823 |   2 |  535.5 |
               +--------+--------+--------+--------+--------+-----+--------+

Top non-repeatable levels by time:
     D:1: 1058 daAuts
     D:2: 12 daAuts
